 Dungeon Crawl Stone Soup version 0.26-a0-720-g2a1d101370 (webtiles) character file.

Game seed: 15974530809887834126

3924 DerHolg the Covert (level 10, -16/64 HPs)
             Began as a Kobold Brigand on Nov 3, 2020.
             Was a Priest of Dithmenos.
             Killed from afar by Josephine (29 damage)
             ... with a ghostly fireball
             ... on level 8 of the Dungeon.
             The game lasted 01:46:46 (14379 turns).

DerHolg the Covert (Kobold Brigand)                Turns: 14379, Time: 01:46:47

Health: -16/64     AC: 12    Str: 12    XL:     10   Next: 44%
Magic:  3/3        EV: 15    Int: 13    God:    Dithmenos [***...]
Gold:   462        SH:  0    Dex: 19    Spells: 9/9 levels left

rFire    . . .     SeeInvis .   a - +2 dagger (antimagic)
rCold    + . .     Faith    .   (shield restricted)
rNeg     . . .     Spirit   .   x - +0 scale mail {rC+}
rPois    .         Reflect  .   s - +1 helmet
rElec    .         Harm     .   c - +0 cloak
rCorr    .         Rampage  .   E - +2 pair of gloves {Str+3}
MR       .....                  (no boots)
Stlth    +++++.....             A - amulet of magic regeneration
HPRegen  0.20/turn              (no ring)
MPRegen  0.33/turn              (no ring)

@: wreathed by umbra, heavily drained
A: small, nightstalker 3
a: Shadow Step, Renounce Religion


You were on level 8 of the Dungeon.
You worshipped Dithmenos.
Dithmenos was most pleased with you.
You visited 2 branches of the dungeon, and saw 11 of its levels.

You collected 462 gold pieces.

Inventory:

Hand Weapons
 a - a +2 antimagic dagger (weapon)
 y - a +2 dagger
Missiles
 d - 14 poisoned darts (quivered)
 e - a curare-tipped dart
Armour
 c - a +0 cloak (worn)
 k - the cursed +1 robe "Unluif" {rC+ rCorr Str+2, unknown}
   (You found it on level 7 of the Dungeon)

   It affects your strength (+2).
   It protects you from cold.
   It provides partial protection from all sources of acid and corrosion.
   It has a curse placed upon it.
 r - a +0 ring mail
 s - a +1 helmet (worn)
 x - a +0 scale mail of cold resistance (worn)
 E - a +2 pair of gloves of strength (worn)
Jewellery
 A - an amulet of magic regeneration (around neck)
 K - an uncursed ring of resist corrosion {unknown}
 L - an uncursed amulet of faith
Wands
 i - a wand of acid (4)
 m - a wand of iceblast (6)
 w - a wand of paralysis (3)
Scrolls
 f - 2 scrolls of fog
 h - 8 scrolls of identify
 l - a scroll of noise {unknown}
 o - 2 scrolls of amnesia
 q - 3 scrolls of magic mapping {unknown}
 t - 4 scrolls of teleportation
 u - a scroll of random uselessness {unknown}
 v - 2 scrolls of remove curse
 z - a scroll of vulnerability {unknown}
 I - a scroll of enchant weapon {unknown}
Potions
 b - a potion of berserk rage
 g - a potion of resistance {unknown}
 j - 2 potions of curing
 n - a potion of might {unknown}
 p - 2 potions of haste {unknown}
 B - 2 potions of cancellation
 C - a potion of degeneration {unknown}
 D - 2 potions of invisibility {unknown}
 F - a potion of flight {unknown}
 H - a potion of magic {unknown}
 J - a potion of heal wounds


   Skills:
 + Level 7.8(6.0) Fighting
 - Level 10.0(8.1) Short Blades
 - Level 2.1(0.6) Throwing
 + Level 2.8(1.2) Armour
 + Level 8.2(6.4) Dodging
 + Level 10.9(9.0) Stealth


You had 9 spell levels left.
You didn't know any spells.
Your spell library contained the following spells:

 Spells                   Type           Power        Failure   Level
 Poisonous Vapours        Pois/Air       #.....       94%         2
 Conjure Flame            Conj/Fire      #.......     99%         3
 Mephitic Cloud           Conj/Pois/Air  #.......     99%         3
 Bolt of Magma            Conj/Fire/Erth #.........   100%        5
 Iskenderun's Battlesphe  Conj           #.......     100%        5
 Freezing Cloud           Conj/Ice/Air   #.........   100%        6
 Iron Shot                Conj/Erth      #.........   100%        6
 Orb of Destruction       Conj           #.........   100%        7
 Spellforged Servitor     Conj/Summ      #.........   100%        7


Dungeon Overview and Level Annotations

Branches:
Dungeon (10/15)            Temple (1/1) D:6             Orc (0/2) D:9
   Lair: D:8-11

Altars:
Ashenzari
Cheibriados
Dithmenos
Elyvilon
Fedhas
Gozag
Hepliaklqana
Kikubaaqudgha
Makhleb
Nemelex Xobeh
Okawaru
Qazlal
Ru
Sif Muna
Uskayaw
Vehumet
Wu Jian
Xom
Yredelemnul
Zin
The Shining One

Shops:
D:10 !

Annotations:
D:7 3 runed translucent doors
D:8 exclusions: downstairs and 2 more exclusions, Josephine
D:9 exclusions: door, oklob sapling and 1 more exclusion, Erolcha


Innate Abilities, Weirdness & Mutations

You are small and have problems with some larger weapons.
You are completely attuned to the shadows.


Message History

You assume a fearsome visage.
Josephine looks frightened!
The water moccasin looks frightened!
Unknown command.
Throwing (i - inventory. (/) - cycle)
d - 16 poisoned darts (quivered)
Press: ? - help, Shift-Dir - straight line, f/p - Josephine
Aim: Josephine, wielding a +0 dagger and wearing a +1 robe of fire resistance (moderately wounded, fleeing, poisoned, umbra)
You throw a poisoned dart. The poisoned dart hits Josephine.
Your attack snaps Josephine out of her fear.
Josephine is moderately wounded.
Throwing (i - inventory. (/) - cycle)
d - 15 poisoned darts (quivered)
Press: ? - help, Shift-Dir - straight line, f/p - Josephine
Aim: Josephine, wielding a +0 dagger and wearing a +1 robe of fire resistance (moderately wounded, poisoned, umbra)
You throw a poisoned dart. The poisoned dart hits Josephine.
Josephine looks even sicker.
Josephine is moderately wounded.
Your surroundings seem slightly different.
Josephine casts a spell at you.
The ghostly flame explodes!
The ghostly fireball engulfs you!!
You feel drained.
You die...

############################
#..[[....)).................
######.##########################
.......# #)..#
######.######...###############
................@.@.(>..S.....#
######.#........#############.###
#[#........# #.##. #..........#
#.##. # ##.####....#
###########.##. # #..#
#.##.###...........##. # ##.#
#.#....#.############. #
#.###.#..#)#.#..# ## ###
#..##.#..#.#.#..#######


You could see Josephine (very poisoned).

Vanquished Creatures
  2 wraiths (D:10)
  Edmund (D:6)
  2 sky beasts
  2 orc warriors
  3 ice beasts
  A black bear (D:8)
  A phantom (D:4)
  3 ogres
  A centaur (D:7)
  2 big kobolds
  2 bullfrogs
  4 scorpions
  5 killer bees
  3 wights
  An electric eel (D:10)
  2 howler monkeys
  A bullfrog zombie (D:5)
  A centaur zombie (D:8)
  7 hounds
  3 jellies
  A quasit (D:9)
  A centaur skeleton (D:8)
  4 orc priests
  14 orc wizards
  3 iguanas
  A worker ant (D:4)
  A hound zombie (D:6)
  2 hound skeletons
  A howler monkey zombie (D:5)
  4 worker ant zombies
  13 adders
  3 white imps
  2 ufetubi
  An ooze (D:3)
  5 worms
  A dart slug (D:1)
  2 leopard geckos
  44 orcs
  A ball python (D:3)
  4 giant cockroaches
  3 goblins
  9 hobgoblins
  11 jackals
  6 quokkas
  8 bats
  3 frilled lizards
  A giant cockroach zombie (D:5)
  12 kobolds
  A leopard gecko skeleton (D:4)
  2 quokka skeletons
  7 rats
218 creatures vanquished.

Vanquished Creatures (others)
  10 plants (D:9)
10 creatures vanquished.

Grand Total: 228 creatures vanquished

Notes
Turn   | Place    | Note
-------+----------+-------------------------------------------
     0 | D:1      | DerHolg the Kobold Brigand began the quest for the Orb.
     0 | D:1      | Reached XP level 1. HP: 12/12 MP: 1/1
   324 | D:1      | Reached XP level 2. HP: 18/18 MP: 2/2
   760 | D:2      | Reached XP level 3. HP: 22/22 MP: 3/3
   874 | D:2      | Found a white marble altar of Elyvilon.
   938 | D:2      | Found a burning altar of Makhleb.
  1137 | D:1      | Reached XP level 4. HP: 14/27 MP: 4/4
  1377 | D:2      | Found a sacrificial altar of Ru.
  1788 | D:3      | Reached XP level 5. HP: 32/32 MP: 5/5
  2021 | D:3      | Noticed a big kobold
  2038 | D:3      | Killed a big kobold
  2038 | D:3      | Reached skill level 5 in Short Blades
  2038 | D:3      | Reached XP level 6. HP: 25/37 MP: 6/6
  2868 | D:3      | Found a shadowy altar of Dithmenos.
  2873 | D:3      | Became a worshipper of Dithmenos the Shadowed
  3412 | D:4      | Noticed a phantom
  3985 | D:4      | Reached XP level 7. HP: 39/42 MP: 7/7
  4370 | D:4      | Found an iron altar of Okawaru.
  4370 | D:4      | Found an opulent altar of Gozag.
  4411 | D:5      | Entered Level 5 of the Dungeon
  4674 | D:5      | Paralysed by an orc for 3 turns
  5391 | D:4      | Reached * piety under Dithmenos
  5680 | D:4      | Reached XP level 8. HP: 38/48 MP: 8/8
  6240 | D:5      | Found a glowing golden altar of the Shining One.
  6244 | D:5      | Found a radiant altar of Vehumet.
  6249 | D:5      | Found a stormy altar of Qazlal.
  6249 | D:5      | Found a hazy altar of Hepliaklqana.
  6278 | D:5      | Found a shimmering blue altar of Sif Muna.
  6424 | D:5      | Reached skill level 5 in Dodging
  6606 | D:5      | Reached skill level 5 in Fighting
  7355 | D:6      | Found a staircase to the Ecumenical Temple.
  7363 | Temple   | Entered the Ecumenical Temple
  8009 | D:6      | Noticed Edmund
  8095 | D:6      | Killed Edmund
  8095 | D:6      | Reached XP level 9. HP: 36/54 MP: 3/9
  8482 | D:6      | Found a hide-covered altar of Uskayaw.
  9007 | D:7      | Reached ** piety under Dithmenos
  9156 | D:7      | Got a smoking robe
  9159 | D:7      | Found a runed translucent gate.
  9160 | D:7      | Found a runed translucent gate.
  9161 | D:7      | Found a runed translucent gate.
  9883 | D:7      | Reached skill level 10 in Short Blades
  9976 | D:7      | HP: 1/55 [killer bee (4)]
 11299 | D:8      | Noticed a two-headed ogre
 11583 | D:8      | Reached skill level 10 in Stealth
 11823 | D:8      | Reached skill level 1 in Armour
 11881 | D:8      | Reached XP level 10. HP: 63/63 MP: 3/10
 12629 | D:9      | Found a staircase to the Orcish Mines.
 12993 | D:9      | Reached *** piety under Dithmenos
 13124 | D:9      | Noticed Erolcha
 13298 | D:10     | Entered Level 10 of the Dungeon
 13448 | D:10     | Found Ikecem's Distillery.
 14082 | D:10     | Identified the +7 spear of the Median {pain, +Inv +Fly rF+
                  | SInv}
 14319 | D:10     | Noticed Josephine
 14379 | D:8      | Killed from afar by Josephine

Illustrated notes

Levels and vault maps discovered:
D:1:      minmay_arrival_pointy, layout_basic
D:2:      layout_rooms, nicolae_overflow_crystal_walls, elyvilon_altar_4,
          nicolae_ru_great_annihilating_truth
D:3:      layout_basic, nicolae_dithmenos_shadow_blocks
D:4:      layout_cave_pools, gammafunk_temple_overflow_pools,
          nicolae_underground_beach
D:5:      layout_basic, grunt_temple_overflow_open, lemuel_blue_sif_altar
D:6:      layout_gridville, eat_drink_and_be_merry_uskayaw,
          minmay_temple_entry_grid, uniq_edmund
D:7:      layout_rooms, ebering_ghost_rock_garden
D:8:      layout_basic
D:9:      layout_roguey, kennysheep_mini_moat, orc_0_dummy,
          introduction_to_nature_2, uniq_erolcha
D:10:     layout_basic, serial_shops, nicolae_shop_competitors_out_of_business,
          enter_bailey_3, okawaru_ov_weapons_minmay, uniq_josephine
Temple:   dpeg_three_leaves_temple

Skill      XL: |  1  2  3  4  5  6  7  8  9 10 |
---------------+-------------------------------+-----
Short Blades   | 3 4 5 6 7 9 10 | 10.0
Dodging        | 2 3 4 5 7 8 |  8.2
Fighting       | 3 4 5 7 |  7.8
Stealth        | 6 7 8 10 | 10.9
Armour         | 1 2 |  2.8
Throwing       | |  2.1

Action                   |  1- 3 |  4- 6 |  7- 9 | 10-12 || total
-------------------------+-------+-------+-------+-------++-------
Melee: Dagger            |    64 |    60 |   747 |   426 ||  1297
       Short sword       |     8 |   152 |       |       ||   160
Throw: Dart              |    45 |    36 |   148 |    57 ||   286
Evoke: Wand              |       |       |       |     3 ||     3
  Use: Scroll            |       |     5 |     6 |     2 ||    13
       Potion            |       |       |     4 |       ||     4
 Stab: Sleeping          |     2 |     7 |    14 |     3 ||    26
       Invisible         |       |     1 |       |       ||     1
       Paralysed         |       |     1 |       |       ||     1
       Distracted        |       |     1 |     1 |     1 ||     3
Armor: Robe              |    14 |     7 |       |       ||    21
       Ring mail         |       |    34 |   128 |       ||   162
       Scale mail        |       |       |    51 |    69 ||   120
Dodge: Dodged            |    60 |   105 |   549 |   180 ||   894

Table legend: (Time is in decaauts)
 A = Elapsed time spent in this place.
 B = Non-inter-level travel time spent in this place.
 C = Inter-level travel time spent in this place.
 D = Time resting spent in this place.
 E = Time spent auto-exploring this place.
 F = Levels seen in this place.
 G = Mean time per level.
                   A        B        C        D        E       F      G
               +--------+--------+--------+--------+--------+-----+--------+
         Total |  13848 |  13590 |    258 |   2950 |   5368 |  11 | 1258.9 |
       Dungeon |  13760 |  13502 |    258 |   2950 |   5297 |  10 | 1376.0 |
        Temple |     87 |     87 |      0 |      0 |     71 |   1 |   87.0 |
               +--------+--------+--------+--------+--------+-----+--------+

Top non-repeatable levels by time:
     D:5: 1931 daAuts
     D:6: 1918 daAuts
     D:7: 1874 daAuts
     D:4: 1605 daAuts
     D:8: 1353 daAuts
     D:3: 1214 daAuts
     D:1: 1009 daAuts
     D:2: 983 daAuts
    D:10: 947 daAuts
     D:9: 921 daAuts
  Temple: 87 daAuts
